 Dungeon Crawl Stone Soup version 0.28-a0-429-g1448048969 (webtiles) character file.

Game seed: 12362028557563676970

116 MacCMillion the Skirmisher (level 4, -10/37 HPs)
             Began as a Demonspawn Fighter on Sept 9, 2021.
             Mangled by a mummy (14 damage)
             ... in an ossuary.
             The game lasted 00:08:59 (2851 turns).

MacCMillion the Skirmisher (Demonspawn Fighter)     Turns: 2851, Time: 00:09:00

Health: -10/37     AC: 11    Str: 18    XL:     4   Next: 69%
Magic:  4/4        EV:  5    Int:  9    God:
Gold:   89         SH:  4    Dex: 12    Spells: 3/3 levels left

rFire   . . .      SeeInvis .   a - +1 trident
rCold   . . .      Faith    .   c - +0 buckler
rNeg    . . .      Spirit   .   e - +0 plate armour
rPois   .          Reflect  .   (helmet restricted)
rElec   .          Harm     .   (no cloak)
rCorr   .          Rampage  .   (no gloves)
Will    .....                   (no boots)
Stlth   ..........              (no amulet)
HPRegen 0.12/turn               (no ring)
MPRegen 0.09/turn               (no ring)

@: mighty, on berserk cooldown, flying, hasted and slowed
A: claws 1, horns 1
a: no special abilities


You were in an ossuary.
You visited 1 branch of the dungeon, and saw 4 of its levels.
You also visited: Ossuary.

You collected 89 gold pieces.

Inventory:

Hand Weapons
 a - a +1 trident (weapon)
Armour
 b - a +0 scale mail
 c - a +0 buckler (worn)
 e - a +0 plate armour (worn)
 g - a +0 pair of boots


   Skills:
 + Level 3.9 Fighting
 + Level 2.4 Polearms
 + Level 3.4 Armour
 * Level 3.3 Shields


You had 3 spell levels left.
You didn't know any spells.
Your spell library contained the following spells:

 Spells                   Type           Power      Damage    Failure   Level
 Magic Dart               Conj           0%         1d3       100%        1
 Call Imp                 Summ           0%         N/A       100%        2
 Slow                     Hex            0%         N/A       100%        2
 Sublimation of Blood     Necr           0%         N/A       100%        2
 Gell's Gravitas          Tloc           0%         N/A       100%        3
 Mephitic Cloud           Conj/Pois/Air  0%         N/A       100%        3
 Ozocubu's Armour         Ice            0%         N/A       100%        3
 Teleport Other           Tloc           0%         N/A       100%        3
 Ice Form                 Ice/Tmut       0%         N/A       100%        4
 Petrify                  Tmut/Erth      0%         N/A       100%        4
 Irradiate                Conj/Tmut      0%         3d13      100%        5
 Metabolic Englaciation   Hex/Ice        0%         N/A       100%        5
 Dispersal                Tloc           0%         N/A       100%        6
 Ozocubu's Refrigeration  Ice            0%         4d5       100%        7


Dungeon Overview and Level Annotations

Branches:
Dungeon (4/15)            Ossuary (1/1)
 Temple: D:4-7

Altars:

Shops:
D:1 !


Innate Abilities, Weirdness & Mutations

You have sharp fingernails.
You have a pair of small horns on your head.


Message History

Aim: a mummy (heavily damaged, about 26% to evade your +1 trident)
You reach to attack!
You completely miss the mummy.
The mummy is heavily damaged.
An orc zombie comes into view.
A mummy comes into view.
A mummy comes into view.
It was a potion of berserk rage.
A red film seems to cover your vision as you go berserk!
You feel yourself moving faster!
You feel mighty! The mummy completely misses you.
You puncture the mummy!
The mummy is severely damaged.
The mummy hits you.
You puncture the mummy!
You destroy the mummy!
Reach: a) +1 trident
Press: ? - help, Dir - move target, f - mummy, p - mummy
Aim: a mummy (about 28% to evade your +1 trident)
You reach to attack!
You puncture the mummy!
The mummy is severely damaged.
Reach: a) +1 trident
Press: ? - help, Dir - move target, f/p - mummy
Aim: a mummy (severely damaged, about 27% to evade your +1 trident)
You reach to attack!
You barely miss the mummy.
The mummy is severely damaged.
The orc zombie hits you but does no damage.
A mummy comes into view.
You feel a strong urge to attack something.
You are no longer berserk.
You are exhausted.
You feel yourself slow down. The mummy barely misses you.
It was a potion of haste.
You feel yourself speed up. The mummy hits you but does no damage.
You block the orc zombie's attack. The orc zombie completely misses you.
You hit the mummy.
The mummy is lightly damaged.
The mummy hits you!
* * * LOW HITPOINT WARNING * * *
The mummy hits you!
You die...

#############
......M@M.M.##
...####.MMZ..##
.... ##..##.M....#
....##....##.....#
.................#
................##
..............##
#........##+#
##......##


You could see 6 mummies and an orc zombie.

Vanquished Creatures
  A mummy (Ossuary)
  A gnoll (D:1)
  2 adders
  2 dart slugs
  9 endoplasms
  3 giant cockroaches (D:1)
  A gnoll zombie (Ossuary)
  6 goblins
  3 hobgoblins
  6 quokkas
  5 ball pythons
  9 bats
  4 frilled lizards
  4 hobgoblin zombies (Ossuary)
  4 kobolds
  A kobold zombie (Ossuary)
  An orc zombie (Ossuary)
  8 rats
70 creatures vanquished.

Notes
Turn   | Place    | Note
-------+----------+-------------------------------------------
     0 | D:1      | MacCMillion the Demonspawn Fighter began the quest for the
                  | Orb.
     0 | D:1      | Reached XP level 1. HP: 18/18 MP: 1/1
   127 | D:1      | Gained mutation: You have a pair of small horns on your
                  | head. [demonic ancestry]
   127 | D:1      | Reached XP level 2. HP: 24/24 MP: 2/2
   324 | D:1      | Found Rumnotee's Distillery.
   415 | D:1      | Reached XP level 3. HP: 15/29 MP: 3/3
   581 | D:1      | Got Komugan's Tome of the Enthralling Snowflakes
  1668 | D:2      | Gained mutation: You have sharp fingernails. [demonic
                  | ancestry]
  1668 | D:2      | Reached XP level 4. HP: 37/37 MP: 4/4
  2314 | D:3      | Noticed an ogre
  2340 | D:3      | Upgraded the game from 0.28-a0-425-gd0eccab798 to
                  | 0.28-a0-429-g1448048969
  2746 | D:4      | Found a sand-covered staircase.
  2755 | Ossuary  | Entered an ossuary
  2851 | Ossuary  | Mangled by a mummy

Illustrated notes

Levels and vault maps discovered:
D:1:      dpeg_arrival_prison, layout_basic, serial_shops, shop,
          minmay_misc_feat_doors, minmay_crystal_water, grunt_decor_one_mirror,
          item_on_display_a
D:2:      minmay_recursive_quarters, layout_basic, serial_glass,
          glass_columns_a, glass_columns_a
D:3:      layout_loops_ring, lemuel_coloured_pillars_altar,
          nicolae_dithmenos_shadow_blocks, uniq_natasha, uniq_terence
D:4:      layout_layer_cave, nemelex_dance_club_becter,
          nicolae_ossuary_entry_ruins, uniq_grinder
Ossuary:  ossuary_tomb_3

Skill      XL: |  1  2  3 |
---------------+----------+-----
Polearms       | 2 |  2.4
Armour         | 3 |  3.4
Shields        | 3 |  3.3
Fighting       | |  3.9

Action                   |  1- 3 |  4- 6 || total
-------------------------+-------+-------++-------
Melee: Trident           |   129 |    66 ||   195
       Headbutt          |     9 |    10 ||    19
  Use: Potion            |       |     4 ||     4
       Scroll            |       |     3 ||     3
Armor: Scale mail        |     6 |       ||     6
       Plate armour      |    93 |    36 ||   129
Dodge: Dodged            |    26 |     8 ||    34
Block: Buckler           |    21 |    16 ||    37

Table legend: (Time is in decaauts)
 A = Elapsed time spent in this place.
 B = Non-inter-level travel time spent in this place.
 C = Inter-level travel time spent in this place.
 D = Time resting spent in this place.
 E = Time spent auto-exploring this place.
 F = Levels seen in this place.
 G = Mean time per level.
                   A        B        C        D        E       F      G
               +--------+--------+--------+--------+--------+-----+--------+
         Total |   2892 |   2812 |     80 |    232 |   1907 |   5 |  578.4 |
       Dungeon |   2793 |   2713 |     80 |    232 |   1888 |   4 |  698.2 |
       Ossuary |     98 |     98 |      0 |      0 |     19 |   1 |   98.0 |
               +--------+--------+--------+--------+--------+-----+--------+

Top non-repeatable levels by time:
     D:2: 1299 daAuts
     D:1: 1152 daAuts
     D:4: 217 daAuts
     D:3: 124 daAuts
 Ossuary: 98 daAuts
